 Dungeon Crawl Stone Soup version 0.22-a0-86-g94e0ad4 (console) character file.

701 Evablue the Skirmisher (level 7, 0/74 HPs)
             Began as an Ogre Hunter on Jan 20, 2018.
             Slain by a gnoll
             ... wielding a +1 spear of venom
              (3 damage)
             ... on level 5 of the Dungeon.
             The game lasted 00:07:43 (3854 turns).

Evablue the Skirmisher (Ogre Hunter)                Turns: 3854, Time: 00:07:46

Health: 0/74       AC:  3    Str: 17    XL:     7   Next: 66%
Magic:  7/7        EV: 12    Int: 23    God:
Gold:   215        SH:  0    Dex: 12    Spells: 6/6 levels left

rFire    . . .     SeeInvis .   k - +0 dagger (elec)
rCold    . . .     Gourm    .   (no shield)
rNeg     . . .     Faith    .   b - +0 robe
rPois    .         Spirit   .   (helmet restricted)
rElec    .         Reflect  .   (no cloak)
rCorr    .         Harm     .   (gloves unavailable)
MR       .....                  (boots unavailable)
Stlth    +.........             (no amulet)
HPRegen  0.22/turn              q - +3 ring of dexterity
MPRegen  0.10/turn              t - +4 ring of intelligence

@: brilliant, lethally poisoned (0 -> -6)
A: large, unfitting armour, tough skin 1
a: no special abilities


You were on level 5 of the Dungeon.
You were near starving.

You visited 1 branch of the dungeon, and saw 5 of its levels.

You collected 215 gold pieces.

Inventory:

Hand Weapons
 a - a +0 short sword
 k - a +0 dagger of electrocution (weapon)
Missiles
 c - a large rock (quivered)
 d - 2 throwing nets
Armour
 b - a +0 robe (worn)
 v - a +0 shield
Jewellery
 q - a +3 ring of dexterity (left hand)
 t - a +4 ring of intelligence (right hand)
Scrolls
 e - a scroll of amnesia
 g - 5 scrolls of identify
 i - 3 scrolls of teleportation
 m - 2 scrolls of fear
 n - a scroll of remove curse
 p - a scroll of immolation {unknown}
 r - a scroll of fog {unknown}
 s - 2 scrolls of random uselessness {unknown}
 u - 2 scrolls of blinking {unknown}
 w - a scroll of enchant armour {unknown}
 x - a scroll of magic mapping {unknown}
Potions
 h - a potion of invisibility {unknown}
 j - 2 potions of brilliance
 l - 4 potions of curing
 o - 2 potions of magic
 A - a potion of lignification {unknown}
Comestibles
 f - 6 rations


   Skills:
 + Level 5.9 Fighting
 + Level 5.6 Throwing
 + Level 5.6 Dodging
 - Level 0.6 Stealth


You had 6 spell levels left.
You didn't know any spells.

Dungeon Overview and Level Annotations

Branches:
Dungeon (5/15)
 Temple: D:4-7

Altars:
Ashenzari
Gozag
Kikubaaqudgha
Nemelex Xobeh
Wu Jian
The Shining One


Innate Abilities, Weirdness & Mutations

You are too large for most types of armour.
You have tough skin. (AC +1)


Message History

You feel sick.
* * * LOW HITPOINT WARNING * * *
You feel sick.
It was a potion of brilliance.
You feel clever all of a sudden.
* * * LOW HITPOINT WARNING * * *
You feel sick. The gnoll closely misses you.
It was a potion of curing.
You feel better. The gnoll closely misses you.
Throwing (i - inventory. (,) - cycle):
c - 2 large rocks (quivered)
Press: ? - help, Shift-Dir - straight line, f/p - gnoll
Aim: a gnoll, wielding a spear of venom You throw a large rock.
The large rock closely misses the gnoll.
The gnoll hits you from afar with a spear of venom.
* * * LOW HITPOINT WARNING * * *
You are poisoned.
The gnoll hits you from afar with a spear!
* * * LOW HITPOINT WARNING * * *
The gnoll hits you from afar with a spear of venom.
You die...

.... #####....
#........ #........
+........ ######
#........ #....#
#..(..... #....#
#@....... #....#
#........ #####..$.#
#gg......
.........####g.......
.....(........(......
..........g.....(....
.............##+####.
.............#
........†....+


You could see 3 gnolls.

Vanquished Creatures
  The ghost of Evablue the Chucker, a novice OgHu (D:4)
  An ogre (D:2)
  A centaur zombie (D:5)
  2 orc wizards (D:3)
  A hound skeleton (D:4)
  5 adders
  A gnoll (D:5)
  A howler monkey skeleton (D:4)
  An ooze (D:1)
  A worm (D:3)
  2 dart slugs (D:1)
  2 leopard geckos (D:4)
  7 orcs (D:3)
  A ball python (D:4)
  4 giant cockroaches
  3 hobgoblins
  17 jackals
  3 quokkas
  9 bats
  4 frilled lizards
  8 goblins
  4 kobolds
  8 rats
87 creatures vanquished.

Notes
Turn   | Place    | Note
-------+----------+-------------------------------------------
     0 | D:1      | Evablue the Ogre Hunter began the quest for the Orb.
     0 | D:1      | Reached XP level 1. HP: 22/22 MP: 1/1
    72 | D:1      | Reached XP level 2. HP: 16/29 MP: 2/2
   762 | D:1      | Reached XP level 3. HP: 34/36 MP: 3/3
  1683 | D:2      | Found a sparkling altar of Nemelex Xobeh.
  1766 | D:2      | Reached XP level 4. HP: 45/45 MP: 4/4
  1779 | D:2      | Noticed an ogre
  1783 | D:2      | Killed an ogre
  1783 | D:2      | Reached skill level 5 in Throwing
  1783 | D:2      | Reached XP level 5. HP: 53/53 MP: 5/5
  2011 | D:2      | Found a glowing golden altar of the Shining One.
  2510 | D:3      | Reached XP level 6. HP: 55/62 MP: 6/6
  2646 | D:3      | Found an ornate altar of the Wu Jian Council.
  2779 | D:3      | Found a shattered altar of Ashenzari.
  3250 | D:4      | Noticed Evablue's ghost (novice OgHu)
  3253 | D:4      | Killed Evablue's ghost
  3253 | D:4      | Reached skill level 5 in Fighting
  3253 | D:4      | Reached skill level 5 in Dodging
  3253 | D:4      | Reached XP level 7. HP: 74/74 MP: 7/7
  3267 | D:4      | Found an opulent altar of Gozag.
  3323 | D:4      | Found an ancient bone altar of Kikubaaqudgha.
  3769 | D:5      | Entered Level 5 of the Dungeon
  3827 | D:5      | Got a crystal hunting sling
  3828 | D:5      | Identified the cursed +2 hunting sling "Hassyul" {freeze, +Fly rC- rN++ Int+3} (You found it on level 5 of the Dungeon)
  3854 | D:5      | HP: 3/74 [gnoll/spear (7)]
  3854 | D:5      | Slain by a gnoll

Vault maps used:
D:1:      dpeg_arrival_ratfight, grunt_decor_arrowhead
D:2:      marbit_many_paths, first_ration, serial_corexii_hall,
          corexii_hall_statues_x, corexii_hall_statues_t,
          corexii_hall_statues_x, corexii_hall_statues_i,
          corexii_hall_statues_s, corexii_hall_statues_i,
          nicolae_tso_carved_into_rock
D:3:      old_standard_altar, nicolae_overflow_crystal_walls,
          kennysheep_generic_room_16
D:4:      kennysheep_mini_moat, lemuel_doored_altar, minmay_fountain_box,
          minivault_11
D:5:      nicolae_dithmenos_shadow_blocks, minmay_temple_entry_poolview,
          uniq_edmund

Skill      XL: |  1  2  3  4  5  6 |
---------------+-------------------+-----
Dodging        | 2 3 5 |  5.6
Fighting       | 3 4 5 |  5.9
Throwing       | 5 |  5.6
Stealth        | |  0.6

Action                   |  1- 3 |  4- 6 |  7- 9 || total
-------------------------+-------+-------+-------++-------
Melee: Short sword       |    83 |       |       ||    83
       Dagger            |    51 |   146 |    20 ||   217
Throw: Large rock        |       |     7 |     2 ||     9
  Use: Scroll            |       |     5 |     1 ||     6
       Potion            |       |       |     2 ||     2
 Stab: Sleeping          |     1 |     4 |       ||     5
  Eat: Chunk             |     2 |     6 |       ||     8
Armor: Robe              |    48 |    49 |     3 ||   100
Dodge: Dodged            |   142 |    91 |    27 ||   260

Table legend:
 A = Spawn XP
 B = Non-spawn XP
 C = Spawn XP percentage of total XP
 D = Spawn monster count
 E = Non-spawn monster count
 F = Spawn count percentage of total count
 G = Total turns spent on level
                    A         B        C        D         E        F      G
               +---------+---------+-------+---------+---------+-------+---------
         Total |       0 |    1002 |   0.0 |       0 |      87 |   0.0 |  3854
               +---------+---------+-------+---------+---------+-------+---------
           D:1 |       0 |      51 |   0.0 |       0 |      28 |   0.0 |  1293
           D:2 |       0 |     175 |   0.0 |       0 |      22 |   0.0 |  1063
           D:3 |       0 |     164 |   0.0 |       0 |      26 |   0.0 |   616
           D:4 |       0 |     550 |   0.0 |       0 |       9 |   0.0 |   797
           D:5 |       0 |      62 |   0.0 |       0 |       2 |   0.0 |    85
               +---------+---------+-------+---------+---------+-------+---------
